 Dungeon Crawl Stone Soup version 0.17-a0-1642-gd4b747b (webtiles) character file.

460932 nubinia the Sorcerer (level 23, -4/112 HPs)
             Began as a Deep Elf Air Elementalist on Aug 6, 2015.
             Was the Champion of Sif Muna.
             Slain by an Executioner (19 damage)
             ... summoned by a lich
             ... on level 2 of the Depths on Aug 8, 2015.
             The game lasted 14:11:32 (73785 turns).

nubinia the Sorcerer (Deep Elf Air Elementalist)   Turns: 73785, Time: 14:11:32

Health: -4/112     AC: 26    Str: 12    XL:     23   Next: 36%
Magic:  25/55      EV: 21    Int: 31    God:    Sif Muna [******]
Gold:   2181       SH:  9    Dex: 20    Spells: 21 memorised, 5 levels left

rFire  + + .     SeeInvis +     b - +9 rapier (protect)
rCold  + . .     Clarity  .     r - +2 robe {rC+ rF+}
rNeg   . . .     SustAt   .     F - +3 buckler {AC+3}
rPois  .         Gourm    .     g - +2 helmet {Int+3}
rElec  +         Spirit   .     v - +0 cloak of Sif Muna's Approval {rElec MR+ Int+2}
rCorr  .         Warding  .     n - +2 pair of gloves {Str+3}
rMut   .         Stasis   .     d - +2 pair of boots
MR     +++..                    (no amulet)
Stlth  +++++.....               L - ring of protection from fire
                                s - ring "Roorom Nont" {Str+4 SInv}

@: about to teleport, deflect missiles, extremely resistant to hostile
enchantments, quite stealthy
A: slimy green scales 1, yellow scales 1, wild magic 2
a: Channel Energy, Forget Spell, Renounce Religion
}: 2/15 runes: serpentine, barnacled


You were on level 2 of the Depths.
You worshipped Sif Muna.
Sif Muna was exalted by your worship.
You were not hungry.

You visited 10 branches of the dungeon, and saw 47 of its levels.
You visited the Abyss 1 time.
You visited 1 bazaar.
You also visited: Labyrinth, Sewer, Ossuary and Ice Cave.

You collected 6138 gold pieces.
You spent 3957 gold pieces at shops.

Inventory:

Hand weapons
 a - the +6 dagger of the Spinneret {venom, rF+ rC+}
   (You found it on level 4 of the Lair of Beasts)

   It poisons the flesh of those it strikes.
   It protects you from fire.
   It protects you from cold.
 b - a +9 rapier of protection (weapon)
 W - the +8 blowgun of Yhazir {speed, rF+ MR+}
   (You found it on level 3 of the Crypt)

   Attacks with this weapon are significantly faster.
   It protects you from fire.
   It affects your resistance to hostile enchantments.
Missiles
 O - 10 curare-tipped needles
Armour
 d - a +2 pair of boots (worn)
 g - a +2 helmet of intelligence (worn)
 n - a +2 pair of gloves of strength (worn)
 r - a +2 robe of resistance (worn)
 v - the +0 cloak of Sif Muna's Approval (worn) {rElec MR+ Int+2}
   (You found it on level 1 of the Shoals)

   It affects your intelligence (+2).
   It insulates you from electricity.
   It affects your resistance to hostile enchantments.
 B - a +2 robe of magic resistance
 F - a +3 buckler of protection (worn)
Jewellery
 f - an uncursed ring of protection from cold
 s - the ring "Roorom Nont" (left hand) {Str+4 SInv}
   (You took it off a merfolk impaler on level 4 of the Shoals)

   [ring of see invisible]

   It affects your strength (+4).
   It lets you see invisible.
 z - the amulet "Epi Demp" {Ward rN+ Int+2 Stlth+, unknown}
   (You took it off a vampire mage on level 1 of the Depths)

   [amulet of warding]

   It may prevent the melee attacks of summoned creatures.
   It affects your intelligence (+2).
   It protects you from negative energy.
   It makes you more stealthy.
 L - a ring of protection from fire (right hand)
 V - the amulet of Cekugob {Ward -Tele rElec rPois rN++ AC+1 EV+1}
   (You found it on level 7 of the Dungeon)

   [amulet of warding]

   It may prevent the melee attacks of summoned creatures.
   It affects your AC (+1).
   It affects your evasion (+1).
   It insulates you from electricity.
   It protects you from poison.
   It greatly protects you from negative energy.
   It prevents most forms of teleportation.
Magical devices
 q - a wand of draining (11)
 G - a wand of fire (5)
 M - a wand of teleportation (6)
 U - a wand of hasting (7)
 Y - a wand of disintegration (7)
Scrolls
 c - 2 scrolls of fear
 e - 4 scrolls of magic mapping
 k - 3 scrolls of recharging
 m - 8 scrolls of identify
 p - 8 scrolls of teleportation
 t - 16 scrolls of remove curse
 w - 3 scrolls of blinking
 A - 4 scrolls of summoning
 C - a scroll of fog
 X - a scroll of acquirement
Potions
 h - 5 potions of magic
 o - 4 potions of haste
 x - 7 potions of flight
 E - a potion of cancellation
 N - 7 potions of brilliance
 Q - 19 potions of curing
 R - a potion of resistance
 T - 2 potions of might
 Z - 3 potions of invisibility
Miscellaneous
 j - a fan of gales (inert)
 l - a phantom mirror
 D - a lamp of fire
 H - a sack of spiders {used: 1}
 I - a lantern of shadows
Comestibles
 i - 20 bread rations
 u - 3 chunks of flesh


   Skills:
 + Level 2.2 Fighting
 + Level 4.2 Short Blades
 + Level 1.3 Armour
 + Level 10.3 Dodging
 + Level 9.9 Stealth
 + Level 4.7 Shields
 * Level 26.9 Spellcasting
 * Level 17.7 Conjurations
 - Level 5.5 Hexes
 + Level 17.9 Charms
 + Level 12.1 Necromancy
 * Level 13.0 Translocations
 - Level 4.0 Ice Magic
 * Level 16.0 Air Magic
 - Level 1.0 Poison Magic
 - Level 8.4 Invocations
 + Level 5.0 Evocations


You had 5 spell levels left.
You knew the following spells:

 Your Spells              Type           Power        Failure   Level  Hunger
a - Shock                 Conj/Air       ####         1%          1    None
b - Dazzling Spray        Conj/Hex       ########     1%          3    None
c - Mephitic Cloud        Conj/Pois/Air  ########     1%          3    None
d - Dispel Undead         Necr           ########     3%          5    None
e - Deflect Missiles      Chrm/Air       ########..   3%          6    None
f - Force Lance           Conj/Tloc      ########     1%          4    None
g - Shroud of Golubria    Chrm/Tloc      ########..   1%          2    None
h - Magic Dart            Conj           ####         1%          1    None
i - Iskenderun's Battles  Conj/Chrm      ########     1%          5    None
j - Swiftness             Chrm/Air       ########     1%          2    None
k - Apportation           Tloc           ########..   1%          1    None
l - Dispersal             Tloc           ########..   6%          6    None
m - Iskenderun's Mystic   Conj           ########     1%          4    None
n - Blink                 Tloc           N/A          1%          2    None
o - Ozocubu's Armour      Chrm/Ice       ########     1%          3    None
p - Phase Shift           Tloc           ########..   3%          5    None
q - Bolt of Draining      Conj/Necr      ########..   2%          5    None
C - Control Undead        Necr           ########..   2%          4    None
D - Animate Dead          Necr           N/A          2%          4    None
R - Regeneration          Chrm/Necr      ########..   1%          3    None
S - Animate Skeleton      Necr           N/A          1%          1    None


Dungeon Overview and Level Annotations

Branches:
Dungeon (15/15)            Temple (1/1) D:5            Lair (8/8) D:10
 Shoals (4/4) Lair:5        Snake (4/4) Lair:6        Slime (0/6) Lair:7
    Orc (4/4) D:12            Elf (2/3) Orc:3        Vaults (4/5) D:14
  Crypt (3/3) Vaults:3       Tomb (0/3) Crypt:3      Depths (2/5) D:15

Altars:
Ashenzari
Cheibriados
Dithmenos
Elyvilon
Fedhas
Gozag
Kikubaaqudgha
Makhleb
Nemelex Xobeh
Okawaru
Qazlal
Ru
Sif Muna
Trog
Vehumet
Xom
Yredelemnul
Zin
The Shining One

Shops:
D:7 *}[%%   D:10 **!:   D:12 }   D:13 [   Orc:4 ([*:[   Elf:2 ?
Vaults:2 [*!}!?   Vaults:3 (   Depths:1 *

Portals:
Hell: Depths:1
Abyss: Depths:1
Trove: D:13 (give 2 scrolls of acquirement)

Annotations:
D:5 exclusion: sky beast
D:6 emiel's ghost, experienced HuIE
D:8 emiel's ghost, experienced HuIE
Crypt:1 Khufu
Crypt:3 2 exclusions


Innate Abilities, Weirdness & Mutations

You are partially covered in slimy green scales (AC +2).
You are partially covered in yellow scales (AC +2).
Your spells are harder to cast, but more powerful.


Message History

Drink which item? (? for menu, Esc to quit)
You feel better. The Executioner misses you.
You block the Executioner's attack.
The Executioner hits you but does no damage.
Your air elemental hits the lich.
The Executioner completely misses you. The Executioner misses you.
The Executioner hits you but does no damage.
Your air elemental hits the Executioner!
The rakshasa hits your air elemental with a long sword!
Send 'em back where they came from!
Your air elemental shudders.
The lich gestures wildly while chanting.
Remove which piece of jewellery? (? for menu, Esc to quit)
You remove the amulet of Cekugob {Ward -Tele rElec rPois rN++ AC+1 EV+1}.
Your air elemental disappears in a puff of smoke!
Unknown command.
Read which item? (? for menu, Esc to quit)
As you read the scroll of teleportation, it crumbles to dust.
You feel strangely unstable. The Executioner hits you!!
You die...

#......8....[......#
......(........###.#
....##(.).....## #..
##(R.2...# #.
#L12R...# ##.
##LL1(##...# #...
#L.R(####.....
#....##L§8..# .....
#.....@1.((.# ...##
#.......(........##
#..####.>........ #.
##.........
..........
..........
........... .....


You could see a Shadow Fiend, 5 liches, a balrug, 2 Executioners, 3 rakshasas
and a tormentor.

Vanquished Creatures
  A bone dragon (Crypt:3)
  Rupert (Orc:2)
  An Ice Fiend (IceCv)
  A deep elf blademaster (Elf:2)
  2 liches (Crypt:3)
  A kraken (Shoals:2)
  A sphinx (Vaults:4)
  Polyphemus (Shoals:4)
  Frances (D:13)
  2 revenants
  A storm dragon (Vaults:3)
  Roxanne (D:14)
  Ilsuiw (Shoals:4)
  2 frost giants
  12 greater nagas
  An orc warlord (Orc:4)
  2 fire giants
  9 vault wardens
  2 curse skulls (Crypt:3)
  3 deep elf sorcerers
  11 ghouls
  A war gargoyle (Vaults:4)
  10 stone giants
  7 ironheart preservers
  Nessos (D:14)
  A deep elf demonologist (Elf:1)
  2 vampire knights
  A salamander stormcaller (Vaults:2)
  A deep elf annihilator (Elf:1)
  11 eidola
  2 mummy priests
  Snorg (Lair:6)
  4 deep elf death magi
  4 merfolk javelineers
  12 jiangshi
  7 merfolk impalers
  A quicksilver dragon zombie (Crypt:3)
  2 ettins
  9 yaktaur captains
  A minotaur (Lab)
  Erolcha (D:13)
  4 vault guards
  A great orb of eyes (Depths:1)
  12 hydras
  2 ice dragons
  Harold (D:10)
  An entropy weaver (Depths:1)
  14 naga warriors
  2 rakshasas
  3 merfolk avatars
  A catoblepas (Lair:8)
  17 anacondas
  2 death knights
  Erica (D:10)
  3 centaur warriors
  7 death yaks
  20 dancing weapons
  2 merfolk aquamancers (Shoals:4)
  6 ogre magi
  4 tengu warriors
  A deep troll shaman (Lair:8)
  7 vampire magi
  6 satyrs
  4 orc high priests
  10 shock serpents
  A titan zombie (Crypt:3)
  A spriggan berserker (Depths:2)
  A shock serpent (shapeshifter) (Elf:2)
  11 naga sharpshooters
  Urug (D:11)
  22 deep elf knights
  A storm dragon zombie (Vaults:3)
  12 skeletal warriors
  5 shadow wraiths
  A soul eater (Crypt:3)
  A giant orange brain (shapeshifter) (Vaults:3)
  A fire crab (Vaults:4)
  4 ice devils (IceCv)
  3 salamander mystics
  5 deep trolls
  6 flayed ghosts
  2 unseen horrors
  11 sea snakes
  18 harpies
  7 deep elf summoners
  A giant orange brain (Vaults:3)
  3 ice statues
  A wizard (D:15)
  A shadow dragon zombie (Crypt:3)
  11 ironbrand convokers
  A wolf spider zombie (D:15)
  3 hill giants (D:13)
  12 fauns
  12 mana vipers
  13 naga ritualists
  20 deep elf conjurers
  49 ugly things
  12 orc knights
  A necromancer (Crypt:1)
  21 phantasmal warriors
  3 hornets
  A frost giant zombie (Crypt:3)
  An orb spider (shapeshifter) (Vaults:1)
  7 salamanders
  9 cyclopes
  An iron dragon zombie (Crypt:3)
  9 water nymphs
  8 manticores
  2 fire giant zombies (Crypt:3)
  A water nymph (shapeshifter) (D:13)
  4 wolf spiders
  7 sirens
  7 orc sorcerers
  2 stone giant zombies (Crypt:3)
  9 vault sentinels
  10 griffons
  4 elephants (Lair:8)
  Maurice (D:8)
  8 guardian serpents
  2 shock serpent zombies
  47 black mambas
  3 octopodes (shapeshifter)
  12 naga magi
  5 gargoyles
  23 spiny frogs
  An emperor scorpion zombie (Crypt:3)
  A white draconian zombie (Crypt:3)
  2 anaconda simulacra (IceCv)
  A sea snake zombie (Crypt:2)
  3 kobold demonologists
  5 guardian mummies
  A yaktaur (shapeshifter) (D:13)
  A fire drake (Lair:5)
  10 yaktaurs
  A jumping spider (Crypt:3)
  7 komodo dragons
  A tengu conjurer (D:15)
  A black draconian skeleton (Crypt:2)
  3 trolls
  A golden dragon simulacrum (IceCv)
  A hydra zombie (Crypt:3)
  16 freezing wraiths
  A queen bee (D:8)
  10 deep elf priests
  A polar bear (Lair:8)
  A minotaur zombie (Crypt:3)
  15 slime creatures
  2 wind drakes
  17 merfolk
  16 two-headed ogres
  A bog body (Crypt:1)
  A hornet zombie (Crypt:1)
  5 boulder beetles
  7 snapping turtles
  A stone giant simulacrum (Vaults:1)
  An ettin zombie (Crypt:3)
  A tarantella (shapeshifter) (Vaults:4)
  4 trapdoor spiders (Lab)
  4 shadows
  31 blink frogs
  3 wyverns
  24 deep elf fighters
  39 yaks
  8 redbacks
  2 water elementals (Shoals:4)
  14 wraiths
  26 deep elf magi
  4 fire bats (Depths:1)
  4 dire elephant simulacra (IceCv)
  A fire bat (shapeshifter) (D:15)
  A hungry ghost (D:9)
  6 wolves (Lair:8)
  8 basilisks
  A steam dragon (Lair:3)
  A yak (shapeshifter) (Vaults:2)
  7 vampire mosquitoes
  A death yak simulacrum (IceCv)
  A hog (shapeshifter) (Elf:1)
  Menkaure (Ossuary)
  2 hydra simulacra (IceCv)
  2 iron troll simulacra (IceCv)
  14 wargs (D:7)
  17 hippogriffs
  3 harpy simulacra (IceCv)
  A warg (shapeshifter) (Vaults:2)
  13 water moccasins
  3 mottled dragons
  10 porcupines
  A water moccasin (shapeshifter) (Vaults:3)
  45 nagas
  2 sky beasts
  A wasp (D:12)
  51 orc warriors
  3 phantoms
  6 black bears
  2 boggarts (Depths:1)
  A manticore zombie (Crypt:3)
  A swamp dragon zombie (Crypt:3)
  12 necrophages (Crypt:3)
  2 snapping turtle zombies (Crypt:3)
  14 centaurs
  An eye of draining (D:15)
  2 ice beasts
  19 ogres
  A hog skeleton (Crypt:1)
  11 crocodiles
  6 big kobolds
  27 giant frogs
  A komodo dragon skeleton (Crypt:2)
  9 wyvern skeletons (Crypt:3)
  A scorpion (shapeshifter) (Vaults:2)
  35 killer bees
  6 scorpions
  A yak zombie (Crypt:1)
  10 wights
  A draconian simulacrum (IceCv)
  10 crimson imps
  3 giant frog zombies
  A jelly (shapeshifter) (Vaults:4)
  A wolf skeleton (Crypt:1)
  2 giant frog skeletons
  52 orc priests
  3 centaur zombies
  3 hounds
  Crazy Yiuf (D:3)
  A quasit (Abyss:1)
  7 jellies
  45 orc wizards
  6 centaur skeletons
  12 iguanas
  3 spriggan simulacra (IceCv)
  9 worker ants
  A wolf simulacrum (IceCv)
  10 sheep
  6 troll simulacra (IceCv)
  A polar bear simulacrum (IceCv)
  A felid zombie (Crypt:2)
  A centaur simulacrum (IceCv)
  2 hound zombies
  2 hound skeletons
  7 mummies
  13 adders
  An ogre simulacrum (IceCv)
  6 gnolls
  37 river rats
  5 naga simulacra (IceCv)
  A shadow imp (D:15)
  8 white imps
  4 ufetubi (IceCv)
  2 adder skeletons
  3 oozes
  6 worms
  5 giant geckos
  253 orcs
  6 goblins
  8 hobgoblins
  7 jackals
  4 quokkas
  3 ball pythons
  11 bats
  9 giant cockroaches
  A giant cockroach zombie (D:5)
  9 giant newts
  5 gnoll skeletons (Ossuary)
  3 gnoll zombies (Ossuary)
  4 goblin zombies (Ossuary)
  4 hobgoblin skeletons (Ossuary)
  3 hobgoblin zombies (Ossuary)
  A jackal skeleton (D:5)
  A jackal zombie (D:6)
  20 kobolds
  4 kobold skeletons (Ossuary)
  5 kobold zombies (Ossuary)
  4 orc skeletons (Ossuary)
  2 orc zombies (Ossuary)
  A quokka skeleton (D:7)
  13 rats
  2 rat skeletons (Ossuary)
  3 rat zombies (Ossuary)
  A fungus (Elf:2)
  2 lost souls
  2 plants
2064 creatures vanquished.

Vanquished Creatures (collateral kills)
  Norris (Depths:1)
  Jorgrun (Depths:1)
  A tentacled monstrosity (Vaults:2)
  A kraken (Shoals:2)
  4 greater nagas
  A frost giant (Depths:1)
  Aizul (Snake:3)
  Louise (Snake:4)
  2 ghouls (Crypt:3)
  2 ironheart preservers
  A stone giant (Depths:1)
  An ettin (Depths:2)
  A merfolk javelineer (Shoals:4)
  2 vault guards (Vaults:3)
  3 merfolk impalers (Shoals:4)
  A jiangshi (Crypt:1)
  A fire dragon (Vaults:1)
  2 great orbs of eyes (Vaults:2)
  A naga warrior (Snake:3)
  A rakshasa (Vaults:1)
  A centaur warrior (D:15)
  3 death knights
  2 merfolk aquamancers (Shoals:4)
  2 deep troll earth magi (Vaults:4)
  7 anacondas
  A catoblepas (Shoals:4)
  An alligator snapping turtle (Shoals:4)
  5 ogre magi
  2 death yaks
  An orc high priest (Depths:1)
  A shock serpent (Snake:4)
  3 naga sharpshooters
  2 skeletal warriors (Crypt:3)
  2 giant orange brains
  A salamander mystic (Depths:1)
  A naga ritualist (Snake:3)
  2 sea snakes (Shoals:4)
  2 ironbrand convokers
  A hill giant (Vaults:1)
  A wolf spider zombie (D:15)
  4 orc knights
  A deep elf conjurer (Vaults:4)
  5 manticores (Shoals:4)
  A deep troll (Vaults:4)
  A necromancer (Vaults:3)
  2 phantasmal warriors (Crypt:3)
  5 griffons
  3 harpies (Shoals:4)
  8 ugly things
  4 mana vipers
  2 slime creatures (Depths:1)
  A wolf spider (Vaults:1)
  9 naga magi
  10 black mambas
  4 salamanders
  A siren (Shoals:4)
  A centaur zombie (D:15)
  A vault sentinel (Vaults:4)
  A dire elephant zombie (Crypt:3)
  7 guardian serpents (Snake:4)
  2 centaur skeletons (D:13)
  A yaktaur zombie (Vaults:3)
  6 yaktaurs
  A shadow dragon simulacrum (Vaults:3)
  12 merfolk
  A guardian mummy (Crypt:1)
  3 freezing wraiths
  9 two-headed ogres
  3 snapping turtles (Shoals:4)
  A bog body (Crypt:1)
  A redback (Vaults:4)
  2 yaks (D:13)
  2 spriggans (shapeshifter)
  3 water elementals
  2 wraiths (Crypt:2)
  A hippogriff (Shoals:4)
  5 vampire mosquitoes
  A deep elf fighter (Vaults:1)
  2 mottled dragons
  12 nagas
  A warg (Vaults:3)
  A water moccasin (Shoals:1)
  3 orc warriors
  A spiny frog skeleton (Crypt:1)
  An eye of draining (shapeshifter) (Vaults:2)
  3 necrophages
  8 ogres
  2 centaurs
  A fire drake skeleton (Crypt:2)
  A giant frog (D:13)
  A wyvern zombie (D:13)
  4 wights (D:15)
  A human simulacrum (Vaults:3)
  A yak skeleton (Crypt:1)
  A crimson imp (D:14)
  3 orc wizards
  An orc priest (Vaults:4)
  A sheep (Shoals:1)
  2 mummies
  An iguana zombie (Crypt:2)
  An adder zombie (Crypt:1)
  3 orcs
  2 lost souls
  3 plants
  A tentacle (Shoals:2)
259 creatures vanquished.

Vanquished Creatures (others)
  A yaktaur captain (Vaults:2)
  2 death yaks
  A deep elf knight (Elf:1)
  A naga (Snake:4)
  A porcupine (Lair:3)
  2 ufetubi (IceCv)
  A giant gecko (D:10)
  An orc (Vaults:2)
  A gnoll zombie (Ossuary)
  2 goblin skeletons (Ossuary)
  A goblin zombie (Ossuary)
  A hobgoblin skeleton (Ossuary)
  A kobold skeleton (Ossuary)
  A kobold zombie (Ossuary)
  An orc skeleton (Ossuary)
  A rat skeleton (Ossuary)
  2 rat zombies (Ossuary)
  20 fungi
  3 lost souls (Crypt:3)
  45 plants
  11 tentacles (Shoals:2)
  678 tentacle segments (Shoals:2)
778 creatures vanquished.

Grand Total: 3101 creatures vanquished

Notes
Turn   | Place    | Note
--------------------------------------------------------------
     0 | D:1      | nubinia the Deep Elf Air Elementalist began the quest for the Orb.
     0 | D:1      | Reached XP level 1. HP: 10/10 MP: 6/6
   445 | D:1      | Reached XP level 2. HP: 15/15 MP: 5/8
   449 | D:1      | Learned a level 2 spell: Repel Missiles
   452 | D:1      | Learned a level 2 spell: Swiftness
  1381 | D:2      | Reached XP level 3. HP: 19/19 MP: 1/9
  1449 | D:2      | Learned a level 3 spell: Static Discharge
  2542 | D:3      | Reached skill level 4 in Spellcasting
  2596 | D:3      | Reached XP level 4. HP: 24/24 MP: 6/12
  2828 | D:3      | Reached XP level 5. HP: 28/28 MP: 10/14
  3403 | D:3      | Reached skill level 5 in Spellcasting
  3470 | D:4      | Found a sparkling altar of Nemelex Xobeh.
  3627 | D:3      | Noticed Crazy Yiuf
  3634 | D:3      | Killed Crazy Yiuf
  3857 | D:4      | Gained mutation: Armour fits poorly on your strangely shaped body. [potion of mutation]
  3857 | D:4      | Gained mutation: You have a pair of small horns on your head. [potion of mutation]
  3857 | D:4      | Gained mutation: You have sharp fingernails. [potion of mutation]
  4189 | D:4      | Reached XP level 6. HP: 32/32 MP: 11/16
  4240 | D:5      | Entered Level 5 of the Dungeon
  4242 | D:5      | Reached skill level 6 in Spellcasting
  4378 | D:5      | Found a staircase to the Ecumenical Temple.
  4384 | Temple   | Entered the Ecumenical Temple
  4472 | Temple   | Became a worshipper of Sif Muna the Loreminder
  4890 | D:5      | Reached skill level 1 in Charms
  4966 | D:5      | Reached XP level 7. HP: 36/36 MP: 12/18
  5451 | D:6      | Acquired Sif Muna's first power
  5451 | D:6      | Reached skill level 7 in Spellcasting
  5461 | D:6      | Found a sand-covered staircase.
  5466 | Ossuary  | Entered an ossuary
  5730 | Ossuary  | Reached skill level 5 in Air Magic
  5756 | Ossuary  | Noticed Menkaure
  5758 | Ossuary  | Killed Menkaure
  5838 | D:6      | Noticed emiel's ghost (experienced HuIE)
  5843 | D:6      | Found a glowing drain.
  5859 | Sewer    | Entered a sewer
  6264 | Sewer    | Acquired Sif Muna's second power
  6264 | Sewer    | Reached XP level 8. HP: 38/41 MP: 6/21
  6406 | Sewer    | Reached skill level 8 in Spellcasting
  6549 | D:6      | Learned a level 5 spell: Lightning Bolt
  6975 | D:6      | Reached skill level 5 in Conjurations
  7437 | D:6      | Got an iridescent spear
  7438 | D:6      | Identified the cursed +0 spear of the Hall of Blades {pierce, rF- rN+++ MR- Int+2} (You found it on level 6 of the Dungeon)
  7751 | D:6      | Reached skill level 9 in Spellcasting
  7946 | D:7      | Found Hokuw's Food Shop.
  7998 | D:7      | Found Ychelex's Food Emporium.
  8070 | D:7      | Found Gaejec's Armour Boutique.
  8238 | D:7      | Found Ehecafas's Gadget Emporium.
  8241 | D:7      | Found Himuz's General Store.
  8266 | D:7      | Bought an uncursed ring of see invisible for 240 gold pieces
  8634 | D:7      | Reached XP level 9. HP: 21/45 MP: 17/24
  8986 | D:7      | Acquired Sif Muna's third power
  9057 | D:7      | Reached skill level 5 in Charms
  9239 | D:7      | Reached skill level 10 in Spellcasting
  9772 | D:7      | Reached skill level 1 in Invocations
  9981 | D:7      | Noticed an orc knight
 10220 | D:7      | Reached skill level 11 in Spellcasting
 10500 | D:7      | Reached XP level 10. HP: 11/50 MP: 16/27
 11233 | D:7      | Received a gift from Sif Muna
 11234 | D:7      | Identified Sif Muna's Catalogue of Lightness (Sif Muna gifted it to you on level 7 of the Dungeon)
 11748 | D:7      | Noticed an orc knight
 12048 | D:7      | Lost mutation: Armour fits poorly on your strangely shaped body. [potion of cure mutation]
 12048 | D:7      | Lost mutation: You have a pair of small horns on your head. [potion of cure mutation]
 12048 | D:7      | Lost mutation: You have sharp fingernails. [potion of cure mutation]
 13087 | D:9      | Gained mutation: You are partially covered in yellow scales (AC +2). [potion of mutation]
 13087 | D:9      | Gained mutation: Your spells are a little harder to cast, but a little more powerful. [potion of mutation]
 13087 | D:9      | Gained mutation: You are partially covered in slimy green scales (AC +2). [potion of mutation]
 13088 | D:9      | Gained mutation: Your spells are harder to cast, but more powerful. [potion of beneficial mutation]
 13126 | D:9      | Learned a level 6 spell: Deflect Missiles
 13374 | D:8      | Reached skill level 12 in Spellcasting
 13637 | D:8      | Noticed Maurice
 13696 | D:8      | Killed Maurice
 13843 | D:10     | Entered Level 10 of the Dungeon
 14013 | D:10     | Received a gift from Sif Muna
 14015 | D:10     | Identified Uxto's Tome of Unholy Protection (Sif Muna gifted it to you on level 10 of the Dungeon)
 14020 | D:10     | Learned a level 3 spell: Regeneration
 14024 | D:10     | Learned a level 3 spell: Ozocubu's Armour
 14058 | D:10     | Found Udadghova's Demolitions Depot.
 14481 | D:9      | Reached XP level 11. HP: 51/55 MP: 17/29
 15678 | D:8      | Reached skill level 5 in Dodging
 15696 | D:8      | Reached skill level 13 in Spellcasting
 15713 | D:8      | Found a burning altar of Makhleb.
 15737 | D:8      | Found a glowing silver altar of Zin.
 15739 | D:8      | Found a shattered altar of Ashenzari.
 16253 | D:10     | Noticed Harold
 16295 | D:10     | Killed Harold
 16335 | D:10     | Found a staircase to the Lair.
 16335 | D:10     | Found Moerch's Book Shoppe.
 16481 | D:10     | Found Qeurchyo's Assorted Antiques.
 16501 | D:10     | Found Ejoeqokh's Distillery.
 16523 | D:10     | Noticed a brown ugly thing
 16539 | D:10     | Killed a brown ugly thing
 16767 | D:10     | Noticed Erica
 16783 | D:10     | Killed Erica
 16866 | D:10     | Reached skill level 1 in Necromancy
 16873 | D:10     | Received a gift from Sif Muna
 16874 | D:10     | Identified Sif Muna's Papyrus of Confrontation and Feathers (Sif Muna gifted it to you on level 10 of the Dungeon)
 16970 | Lair:1   | Entered Level 1 of the Lair of Beasts
 17510 | Lair:1   | Got a faintly glowing steel amulet
 17792 | Lair:1   | Reached skill level 10 in Conjurations
 18159 | Lair:2   | Reached skill level 1 in Short Blades
 18159 | Lair:2   | Reached skill level 5 in Stealth
 18159 | Lair:2   | Reached skill level 1 in Ice Magic
 18214 | Lair:2   | Reached skill level 14 in Spellcasting
 18284 | Lair:2   | Found a labyrinth entrance.
 18293 | Lab      | Entered a labyrinth
 18357 | Lab      | Reached XP level 12. HP: 54/60 MP: 23/32
 18507 | Lab      | Reached skill level 10 in Charms
 19224 | Lab      | Noticed a minotaur
 19234 | Lab      | Killed a minotaur
 19264 | Lab      | Got a dazzling chain mail
 19275 | Lab      | Identified the +8 chain mail of the Komodo Dragon {rElec rPois Str-4 Dex+4} (You found it in a labyrinth)
 19605 | Lair:2   | Received a gift from Sif Muna
 19606 | Lair:2   | Identified Sif Muna's Advanced Steps in Witchcraft (Sif Muna gifted it to you on level 2 of the Lair of Beasts)
 19620 | Lair:2   | Learned a level 5 spell: Iskenderun's Battlesphere
 20691 | Lair:3   | Identified a +0 rod of clouds (11/11) (You found it on level 3 of the Lair of Beasts)
 20781 | Lair:3   | Reached skill level 5 in Invocations
 21038 | Lair:3   | Identified the amulet "Bys Sagh" {Faith rPois rF+++ Str-4 SInv} (You found it on level 1 of the Lair of Beasts)
 21045 | Lair:3   | Learned a level 3 spell: Mephitic Cloud
 21144 | Lair:3   | Reached skill level 10 in Air Magic
 21641 | Lair:4   | Got a bloodstained dagger
 21642 | Lair:4   | Identified the +6 dagger of the Spinneret {venom, rF+ rC+} (You found it on level 4 of the Lair of Beasts)
 21725 | Lair:4   | Reached skill level 15 in Spellcasting
 21952 | Lair:4   | Noticed a six-headed hydra
 21959 | Lair:4   | Killed a six-headed hydra
 21973 | Lair:4   | Received a gift from Sif Muna
 21974 | Lair:4   | Identified Sif Muna's Collected Works on Boosting Conjuration (Sif Muna gifted it to you on level 4 of the Lair of Beasts)
 21991 | Lair:4   | Learned a level 1 spell: Magic Dart
 21994 | Lair:4   | Learned a level 2 spell: Shroud of Golubria
 21998 | Lair:4   | Learned a level 3 spell: Dazzling Spray
 22006 | Lair:4   | Noticed a six-headed hydra
 22022 | Lair:4   | Killed a six-headed hydra
 22326 | Lair:5   | Found a staircase to the Shoals.
 22422 | Lair:5   | Reached XP level 13. HP: 64/64 MP: 4/34
 22502 | Lair:5   | Got a dazzling buckler
 22508 | Lair:5   | Identified the -3 buckler of the Harvest Moon {rN+ Dex+2} (You found it on level 5 of the Lair of Beasts)
 22515 | Lair:5   | Noticed an eight-headed hydra
 22520 | Lair:5   | Killed an eight-headed hydra
 22818 | Lair:5   | Found a shimmering altar of Xom.
 23526 | Lair:6   | Noticed Snorg
 23535 | Lair:6   | Killed Snorg
 24038 | D:10     | Bought a scroll labeled NERHIA ZYRCHU for 26 gold pieces
 24038 | D:10     | Bought a glowing short sword for 78 gold pieces
 24345 | Lair:6   | Found a staircase to the Snake Pit.
 24534 | Lair:6   | Reached skill level 16 in Spellcasting
 24705 | Lair:7   | Found a staircase to the Slime Pits.
 24865 | Lair:7   | Reached skill level 1 in Fighting
 25258 | Lair:7   | Received a gift from Sif Muna
 25259 | Lair:7   | Identified Sif Muna's Papyrus of Freezing Conjuration (Sif Muna gifted it to you on level 7 of the Lair of Beasts)
 25710 | Lair:7   | Reached skill level 5 in Necromancy
 25877 | Lair:8   | Entered Level 8 of the Lair of Beasts
 25883 | Lair:8   | Reached skill level 1 in Translocations
 26202 | Lair:8   | Reached XP level 14. HP: 70/70 MP: 9/36
 26817 | Lair:8   | Reached skill level 17 in Spellcasting
 27065 | Lair:8   | Reached skill level 1 in Hexes
 27675 | D:11     | Received a gift from Sif Muna
 27676 | D:11     | Identified Sif Muna's Reference Book on Conjuration (Sif Muna gifted it to you on level 11 of the Dungeon)
 28013 | D:11     | Noticed Urug
 28024 | D:11     | Killed Urug
 29422 | D:12     | Found Lumah's Gadget Boutique.
 29430 | D:12     | Bought a phantom mirror for 330 gold pieces
 29496 | D:12     | Found a staircase to the Orcish Mines.
 29873 | Orc:1    | Entered Level 1 of the Orcish Mines
 30408 | Orc:2    | Noticed Rupert
 30430 | Orc:2    | Killed Rupert
 30637 | Orc:3    | Found a staircase to the Elven Halls.
 31648 | Orc:4    | Entered Level 4 of the Orcish Mines
 31696 | Orc:4    | Found a burning altar of Makhleb.
 31924 | Orc:4    | Found a burning altar of Makhleb.
 31994 | Orc:4    | Found Jitt's Antique Armour Shoppe.
 32004 | Orc:4    | Bought a slimy buckler for 304 gold pieces
 32004 | Orc:4    | Bought a pair of embroidered gloves for 144 gold pieces
 32004 | Orc:4    | Bought a runed hat for 128 gold pieces
 32004 | Orc:4    | Bought a glowing robe for 22 gold pieces
 32014 | Orc:4    | Identified the cursed -2 buckler of Somewhere Else {rC+} (You bought it in a shop on level 4 of the Orcish Mines)
 33143 | Orc:4    | Noticed an orc warlord
 33409 | Orc:4    | Killed an orc warlord
 33586 | Orc:4    | Reached XP level 15. HP: 74/74 MP: 21/38
 33870 | Orc:4    | Received a gift from Sif Muna
 33874 | Orc:4    | Learned a level 1 spell: Apportation
 33941 | Orc:4    | Found Oxieg's General Store.
 33947 | Orc:4    | Found Aggaizoh's Book Shop.
 33954 | Orc:4    | Found Qoososu's Antique Armour Shop.
 33954 | Orc:4    | Found Xovvurr's Antique Weapon Boutique.
 33975 | Orc:4    | Bought a pair of runed gloves for 135 gold pieces
 34158 | Elf:1    | Entered Level 1 of the Elven Halls
 34243 | Elf:1    | Reached skill level 18 in Spellcasting
 34869 | Elf:1    | Found an ancient bone altar of Kikubaaqudgha.
 34956 | Elf:1    | Reached skill level 1 in Shields
 34982 | Elf:1    | Identified Lehudib's Disquisition on Confrontation
 34989 | Elf:1    | Reached skill level 5 in Translocations
 35217 | Elf:1    | Received a gift from Sif Muna
 35229 | Elf:1    | Identified Sif Muna's Guide on Evil Enhancements (Sif Muna gifted it to you on level 1 of the Elven Halls)
 35237 | Elf:1    | Learned a level 6 spell: Haste
 35837 | Elf:2    | Found a runed gate.
 35837 | Elf:2    | Found a runed gate.
 35838 | Elf:2    | Found a runed gate.
 36037 | Elf:2    | Reached skill level 19 in Spellcasting
 36095 | Elf:2    | Found Itesuo's Magic Scroll Emporium.
 36424 | Elf:2    | Reached XP level 16. HP: 8/79 MP: 10/41
 36587 | Elf:2    | Noticed a deep elf blademaster
 36594 | Elf:2    | Killed a deep elf blademaster
 36761 | Elf:2    | Received a gift from Sif Muna
 37358 | Snake:1  | Entered Level 1 of the Snake Pit
 37675 | Snake:1  | Reached skill level 15 in Charms
 37691 | Snake:1  | Noticed Aizul
 38580 | Snake:1  | Reached skill level 20 in Spellcasting
 39416 | Snake:1  | Received a gift from Sif Muna
 39421 | Snake:1  | Learned a level 1 spell: Animate Skeleton
 39606 | Snake:1  | Upgraded the game from 0.17-a0-1636-g3119f2b to 0.17-a0-1637-g5d65775
 40893 | Snake:3  | Reached XP level 17. HP: 83/83 MP: 1/43
 41005 | Snake:3  | Got a twisted hand axe {holy}
 41032 | Snake:3  | Identified the +4 hand axe of Qioxkaig {holy, +Rage rC+} (You took it off a naga warrior on level 3 of the Snake Pit)
 41424 | Snake:3  | Killed Aizul
 41427 | Snake:3  | Received a gift from Sif Muna
 41429 | Snake:3  | Identified Sif Muna's Reference Book on Fiery Confrontation (Sif Muna gifted it to you on level 3 of the Snake Pit)
 41651 | Snake:3  | Reached skill level 21 in Spellcasting
 41686 | Snake:4  | Entered Level 4 of the Snake Pit
 41781 | Snake:4  | Got an ancient shield
 41792 | Snake:4  | Identified the +4 shield of Meiwecu {+Inv +Fly rF- Dex+2} (You acquired it on level 4 of the Snake Pit)
 41839 | Snake:4  | Noticed Louise
 41852 | Snake:4  | Killed Louise
 41968 | Snake:4  | Your ally Louise died
 42113 | Snake:4  | Learned a level 4 spell: Iskenderun's Mystic Blast
 42466 | Snake:4  | Received a gift from Sif Muna
 42467 | Snake:4  | Identified Sif Muna's Collected Works on Stolen Souls (Sif Muna gifted it to you on level 4 of the Snake Pit)
 42816 | Snake:4  | Reached skill level 15 in Conjurations
 42969 | Snake:4  | Reached XP level 18. HP: 88/88 MP: 10/45
 43618 | Snake:4  | Received a gift from Sif Muna
 43619 | Snake:4  | Identified Sif Muna's Volume of Translocation (Sif Muna gifted it to you on level 4 of the Snake Pit)
 43698 | Snake:4  | Learned a level 2 spell: Blink
 43702 | Snake:4  | Learned a level 3 spell: Teleport Other
 43760 | Snake:4  | Reached skill level 5 in Hexes
 43766 | Snake:4  | Got a serpentine rune of Zot
 44005 | Shoals:1 | Entered Level 1 of the Shoals
 44401 | Shoals:1 | Reached skill level 22 in Spellcasting
 44522 | Shoals:1 | Got a twisted cloak
 44533 | Shoals:1 | Identified the cursed +0 cloak of Sif Muna's Approval {rElec MR+ Int+2} (You found it on level 1 of the Shoals)
 45830 | Shoals:3 | Found a frozen archway.
 45873 | IceCv    | Entered an ice cave
 46023 | IceCv    | Got a blackened morningstar
 46024 | IceCv    | Identified the +10 morningstar of Might {drain, *Corrode +Fly rC+ MR+++} (You found it in an ice cave)
 46965 | IceCv    | Received a gift from Sif Muna
 46966 | IceCv    | Identified Sif Muna's Grimoire of Confrontation (Sif Muna gifted it to you in an ice cave)
 47189 | IceCv    | Reached skill level 1 in Evocations
 47207 | IceCv    | Got a pair of ancient boots
 47218 | IceCv    | Identified the +1 pair of boots of Caigh {rElec rC- Int+4} (You found it in an ice cave)
 47900 | Shoals:2 | Got a scorched cloak
 47912 | Shoals:2 | Identified the +1 cloak of Repulsion {rPois rCorr Str-4 SInv} (You found it on level 2 of the Shoals)
 48178 | Shoals:3 | Found a stormy altar of Qazlal.
 48526 | Snake:2  | Learned a level 4 spell: Animate Dead
 48668 | Lair:5   | Learned a level 4 spell: Control Undead
 48919 | Shoals:3 | Got a heavily runed ring mail
 48930 | Shoals:3 | Identified the cursed +0 ring mail "Qilioz" {*Confuse rCorr Str+8} (You found it on level 3 of the Shoals)
 48995 | Shoals:4 | Entered Level 4 of the Shoals
 49001 | Shoals:4 | Noticed Ilsuiw
 49023 | Shoals:4 | Killed Ilsuiw
 49027 | Shoals:4 | Reached XP level 19. HP: 71/92 MP: 6/47
 49165 | Shoals:4 | Your ally Ilsuiw died
 49174 | Shoals:4 | Noticed Polyphemus
 49180 | Shoals:4 | Killed Polyphemus
 49212 | Shoals:4 | Your ally Polyphemus died
 49596 | Shoals:4 | Got a slimy long sword
 49631 | Shoals:4 | Got an ancient mace {flame}
 49632 | Shoals:4 | Identified the +4 long sword "Riobunta" {holy, rN+ Str-3 Int+4 Dex-3} (You took it off a siren on level 4 of the Shoals)
 49633 | Shoals:4 | Identified the +11 mace of Beyond {flame, rElec MR- Int+6} (You took it off a merfolk on level 4 of the Shoals)
 49711 | Shoals:4 | Received a gift from Sif Muna
 49721 | Shoals:4 | Learned a level 5 spell: Bolt of Draining
 49729 | Shoals:4 | Identified the Tome of Mutagenic Stones
 49874 | Shoals:4 | Reached skill level 23 in Spellcasting
 49876 | Shoals:4 | Reached skill level 10 in Translocations
 50141 | Shoals:4 | Got a glittering lead ring
 50143 | Shoals:4 | Identified the ring "Roorom Nont" {Str+4 SInv} (You took it off a merfolk impaler on level 4 of the Shoals)
 50275 | Shoals:4 | Got a barnacled rune of Zot
 50564 | Lair:5   | Learned a level 4 spell: Control Undead
 50788 | D:13     | Found Vinailut's Armour Boutique.
 50965 | D:13     | Reached skill level 1 in Poison Magic
 51118 | D:13     | Noticed Frances
 51125 | D:13     | Killed Frances
 51239 | D:13     | Your ally Frances died
 51358 | D:13     | Noticed Erolcha
 51380 | D:13     | Killed Erolcha
 51711 | D:13     | Found a portal to a secret trove of treasure.
 51804 | D:14     | Noticed Nessos
 51854 | D:14     | Killed Nessos
 52026 | D:14     | HP: 1/92 [red ugly thing (21)]
 52425 | D:13     | Cast into the Abyss (orc)
 52538 | D:13     | Escaped the Abyss
 53162 | D:14     | Found a gate to the Vaults.
 53167 | D:14     | Noticed Roxanne
 53203 | D:14     | Killed Roxanne
 53424 | Vaults:1 | Entered Level 1 of the Vaults
 54039 | Vaults:1 | Got an ivory blowgun
 54040 | Vaults:1 | Identified the +5 blowgun "Osayguq" {speed, rC+ Dex+4} (You found it on level 1 of the Vaults)
 54818 | Vaults:1 | Reached XP level 20. HP: 66/97 MP: 39/49
 54839 | Vaults:1 | Received a gift from Sif Muna
 54840 | Vaults:1 | Identified Sif Muna's Guide on the Oath and Air (Sif Muna gifted it to you on level 1 of the Vaults)
 55777 | Vaults:1 | Upgraded the game from 0.17-a0-1637-g5d65775 to 0.17-a0-1642-gd4b747b
 55845 | Vaults:2 | Found a flickering gateway to a bazaar.
 55865 | Bazaar   | Entered a bazaar
 55865 | Bazaar   | Found Ittes's General Store.
 55865 | Bazaar   | Found Dyiniluc's Antique Armour Shop.
 55865 | Bazaar   | Found Edosast's Gadget Shoppe.
 55867 | Bazaar   | Found Ibaorchy's Gadget Shop.
 55867 | Bazaar   | Found Juliuc's Gadget Emporium.
 55911 | Bazaar   | Bought a pair of embroidered gloves for 94 gold pieces
 55940 | Bazaar   | Bought a scroll of fear for 49 gold pieces
 55940 | Bazaar   | Bought a potion of curing for 42 gold pieces
 55946 | Bazaar   | Bought a wand of draining (11) for 195 gold pieces
 56031 | Vaults:2 | Found Onimeub's General Store.
 56031 | Vaults:2 | Found Beliab's Distillery.
 56098 | Vaults:2 | Found Foonaeno's Antique Armour Boutique.
 56183 | Vaults:2 | Found Jeed's Magic Scroll Shop.
 56204 | Vaults:2 | Bought a potion of experience for 1000 gold pieces
 56204 | Vaults:2 | Reached skill level 1 in Armour
 56204 | Vaults:2 | Reached skill level 24 in Spellcasting
 56204 | Vaults:2 | Reached skill level 5 in Evocations
 56204 | Vaults:2 | Reached XP level 21. HP: 102/102 MP: 49/51
 56315 | Vaults:2 | Found Goqalugh's Distillery.
 56316 | Vaults:2 | Found Onoot's Gadget Emporium.
 57619 | Vaults:3 | Received a gift from Sif Muna
 57620 | Vaults:3 | Identified Wuoxet's Almanac of Displacement (Sif Muna gifted it to you on level 3 of the Vaults)
 58068 | Vaults:3 | Found Dereush's Antique Weapon Shop.
 58620 | Vaults:3 | Reached skill level 15 in Air Magic
 58651 | Vaults:3 | Reached skill level 10 in Necromancy
 58826 | Vaults:3 | Found a staircase to the Crypt.
 59431 | Lair:5   | Learned a level 5 spell: Phase Shift
 59438 | Lair:5   | Learned a level 6 spell: Dispersal
 59779 | Lair:5   | Learned a level 5 spell: Dispel Undead
 60662 | Crypt:1  | Entered Level 1 of the Crypt
 60800 | Crypt:1  | Received a gift from Sif Muna
 60801 | Crypt:1  | Identified Sif Muna's Papyrus of the Voyage (Sif Muna gifted it to you on level 1 of the Crypt)
 61196 | Crypt:1  | Noticed Khufu
 61200 | Crypt:1  | Noticed a greater mummy
 63204 | Crypt:2  | Reached skill level 25 in Spellcasting
 63363 | Crypt:2  | Reached XP level 22. HP: 107/107 MP: 24/53
 63554 | Crypt:3  | Entered Level 3 of the Crypt
 64264 | Crypt:3  | Received a gift from Sif Muna
 64266 | Crypt:3  | Identified Sif Muna's Catalogue of Combat Magic and the Birds (Sif Muna gifted it to you on level 3 of the Crypt)
 65051 | Crypt:3  | Found a basalt altar of Yredelemnul.
 66503 | Crypt:3  | Found a staircase to the Tomb.
 67788 | Crypt:3  | Got a slimy blowgun
 67789 | Crypt:3  | Identified the +8 blowgun of Yhazir {speed, rF+ MR+} (You found it on level 3 of the Crypt)
 68060 | Crypt:3  | Received a gift from Sif Muna
 68063 | Crypt:3  | Identified Sif Muna's Guide on Excruciating Lightness (Sif Muna gifted it to you on level 3 of the Crypt)
 68627 | Crypt:3  | Got a polished shortbow
 68628 | Crypt:3  | Identified the +1 shortbow of Harmony {venom, rPois rC+ Dex+2} (You found it on level 3 of the Crypt)
 68645 | Crypt:3  | Reached skill level 26 in Spellcasting
 68659 | Crypt:3  | Reached skill level 10 in Dodging
 69332 | D:10     | Bought a book of the Warp for 1170 gold pieces
 69337 | D:10     | Learned a level 4 spell: Force Lance
 71329 | D:15     | Entered Level 15 of the Dungeon
 71806 | D:15     | Reached XP level 23. HP: 112/112 MP: 49/55
 71817 | D:15     | Found a staircase to the Depths.
 71897 | D:15     | Received a gift from Sif Muna
 71898 | D:15     | Identified Huadaeblo's Catalogue of Bewitchment (Sif Muna gifted it to you on level 15 of the Dungeon)
 72482 | Depths:1 | Entered Level 1 of the Depths
 72724 | Depths:1 | Noticed Norris
 72732 | Depths:1 | Killed Norris
 72769 | Depths:1 | Found a one-way gate to the infinite horrors of the Abyss.
 72849 | Depths:1 | Noticed Jorgrun
 72868 | Depths:1 | Killed Jorgrun
 72918 | Depths:1 | Your ally Norris died
 73082 | Depths:1 | Your ally Jorgrun died
 73118 | Depths:1 | Found a deep blue altar of Sif Muna.
 73184 | Depths:1 | Identified the Papyrus of Slavery
 73219 | Depths:1 | Got a serpentine iron amulet
 73328 | Depths:1 | Found Cunoojiwk's General Store.
 73400 | Depths:1 | Found a gateway to Hell.
 73779 | Depths:2 | HP: 5/112 [Executioner[a lich] (6)]
 73785 | Depths:2 | Slain by an Executioner

Vault maps used:
D:1:      minmay_arrival_five_plusses
D:2:      first_bread, kennysheep_generic_room_12
D:3:      uniq_crazy_yiuf_cottage
D:4:      nemelex_deck
D:5:      minmay_temple_entry_statues_pillars
D:6:      nicolae_ossuary_entry_false_entrances, portal_sewer_entry_c
D:7:      lemuel_castle_with_subvaults, serial_shops, shop, shop,
          nicolae_shop_trees, nicolae_shop_statue_plus, shop
D:8:      minitemple, david_nohive_1, uniq_maurice
D:10:     lair_0_dummy, serial_shops, kennysheep_little_box, shop,
          nicolae_shop_stone, nicolae_blasting_shop, uniq_harold, uniq_erica
D:11:     dk_noncrumbling_2, uniq_urug
D:12:     hiddenorc2_lemuel, serial_shops, nicolae_shop_statue_plus
D:13:     serial_shops, shop, enter_trove_5, minmay_orc_keep, uniq_frances,
          uniq_erolcha
D:14:     erik_vaults_1, solitary_fountain, grunt_ministairs_9, uniq_nessos,
          uniq_roxanne
D:15:     hangedman_depths_entry_civil_slaughter, hangedman_glass_teeth
Temple:   lightli_temple_of_artemis
Lair:2:   lab_entry_generic, lemuel_fruit_fields
Lair:3:   lemuel_old_faithful, lemuel_fruit_tree
Lair:4:   infiniplex_staircase_pool
Lair:5:   minmay_shoals_entry_beasts, basic_altar, st_stairs_9,
          serial_bayou_shore_a, serial_bayou_shore_b
Lair:6:   minmay_snake_entry_guardpost_small, beast_lair_carwin_2, uniq_snorg
Lair:7:   minmay_slime_entry_pillars, beast_lair_carwin_6
Lair:8:   grunt_lair_end_beastmaster, grunt_megastairs_2,
          infiniplex_staircase_pool_2
Shoals:3: portal_ice_cave_entry_ice_statue_02, lemuel_centaur_altar
Shoals:4: shoals_end_simple, shoal_ilsuiw, uniq_polyphemus
Snake:1:  st_stairs_14, uniq_aizul
Snake:2:  guppyfry_library_mini
Snake:4:  grunt_snake_rune_serpentine_throne, grunt_ministairs_7, st_stairs_12,
          uniq_louise
Orc:2:    uniq_rupert
Orc:3:    nicolae_orc_pool_cavern
Orc:4:    st_orc_congregation, basic_altar, serial_shops,
          nicolae_shop_behind_doors, bloody_makhleb
Elf:1:    minmay_elf_crystal_square, basic_altar, minmay_elf_annihilation,
          evilmike_surprise_oklob
Elf:2:    serial_shops, shop
Vaults:1: ontoclasm_vaults_echo, v_misc_30, v_misc_2, grunt_vaults_trifunnel,
          ontoclasm_vaults_ring_large, v_pattern_2, v_misc_2,
          ontoclasm_vaults_gateway, nicolae_vaults_little_squares_5
Vaults:2: grunt_vaults_focal, nicolae_vaults_rhombus_5,
          grunt_vaults_hallway_long, grunt_vaults_hallway_short, v_misc_5,
          nicolae_vaults_little_squares_2, vaults_room_corners,
          vaults_mumra_minichess_inversion, hangedman_vaults_pinch,
          nicolae_vaults_circle_grid_a, ontoclasm_vaults_ring_small,
          hangedman_vaults_hard_town_square, nicolae_vaults_diagonal_hallway_8,
          v_misc_22, hangedman_vaults_trim, nicolae_vaults_ring_of_whatevers,
          vaults_room_hallway, serial_shops, bzr_entry_islet, shop, shop,
          nicolae_shop_trees
Vaults:3: vaults_room_door_ring, nicolae_vaults_asterisk,
          nicolae_vaults_diagonal_hallway_8, ontoclasm_vaults_ring_square,
          v_misc_14, st_cross, nicolae_vaults_what_the_h,
          nicolae_vaults_sealed_display, ontoclasm_vaults_pinch, v_rooms_4,
          ontoclasm_vaults_spin, hangedman_vaults_capsules,
          grunt_vaults_hallway_long, serial_shops, nicolae_shop_trees
Vaults:4: nicolae_vaults_border_crossing, ontoclasm_vaults_fault,
          ontoclasm_vaults_eye, nicolae_vaults_little_squares_6,
          vaults_room_pool, hangedman_vaults_restitches,
          nicolae_vaults_little_squares_3, hangedman_vaults_maws,
          nicolae_vaults_mini_display_case
Crypt:1:  st_stairs_10, minmay_guarded_unrand_curses, uniq_khufu
Crypt:2:  roderic_lattice_octagonal_star
Crypt:3:  evilmike_haunted_forest
Depths:1: corexii_leaking_fountain, abyss_entry, pf_hell_entry_great_geh,
          serial_shops, shop, grunt_decor_mini_mirrors,
          hangedman_summoners_spam, serial_bayou_shore_b, uniq_jorgrun,
          uniq_norris
Depths:2: nooodl_glass_maze, hangedman_coc_ice_floe, minivault_11,
          kennysheep_crisscross
Lab:      nicolae_lab_very_dead_end, nicolae_lab_statue,
          nicolae_lab_checkerboard, nicolae_lab_stuck, nicolae_lab_arrow,
          labyrinth_skeletal_remains, nicolae_lab_hexagon, lab_block
Bazaar:   bazaar_minmay_generic_island
Sewer:    kennysheep_pipe_town
Ossuary:  ossuary_due_pyramid
IceCv:    ice_cave_caverns_02

Action                   |  1- 3 |  4- 6 |  7- 9 | 10-12 | 13-15 | 16-18 | 19-21 | 22-24 || total
-------------------------+-------+-------+-------+-------+-------+-------+-------+-------++-------
Melee: Short sword       |    17 |    16 |    81 |   172 |       |       |       |       ||   286
       Dagger            |       |       |       |       |   482 |   329 |   106 |     5 ||   922
       Rapier            |       |       |       |       |       |       |   727 |   462 ||  1189
 Cast: Shock             |    91 |   108 |   310 |   594 |   590 |   406 |   143 |    69 ||  2311
       Swiftness         |     2 |       |     1 |     4 |     4 |     2 |     3 |     7 ||    23
       Repel Missiles    |     1 |       |       |     2 |     2 |     2 |       |       ||     7
       Static Discharge  |       |     3 |    45 |   196 |    37 |       |       |       ||   281
       Ozocubu's Armour  |       |       |       |    52 |    92 |    90 |    78 |    30 ||   342
       Deflect Missiles  |       |       |       |     2 |     3 |     6 |     4 |     3 ||    18
       Regeneration      |       |       |       |    25 |    16 |    31 |    30 |     4 ||   106
       Lightning Bolt    |       |       |       |    13 |     7 |     2 |     3 |       ||    25
       Iskenderun's Batt |       |       |       |     5 |   166 |   187 |   112 |    46 ||   516
       Shroud of Golubri |       |       |       |     3 |    84 |    84 |    71 |    27 ||   269
       Mephitic Cloud    |       |       |       |     2 |    50 |    39 |    87 |    49 ||   227
       Magic Dart        |       |       |       |     1 |     1 |    52 |    24 |     4 ||    82
       Dazzling Spray    |       |       |       |       |   279 |   461 |   240 |    70 ||  1050
       Animate Skeleton  |       |       |       |       |       |   143 |    46 |    31 ||   220
       Iskenderun's Myst |       |       |       |       |       |    62 |    92 |    72 ||   226
       Apportation       |       |       |       |       |       |     7 |     1 |    10 ||    18
       Control Undead    |       |       |       |       |       |     3 |    31 |    27 ||    61
       Animate Dead      |       |       |       |       |       |     1 |    68 |    37 ||   106
       Bolt of Draining  |       |       |       |       |       |       |    50 |    48 ||    98
       Blink             |       |       |       |       |       |       |     1 |       ||     1
       Dispel Undead     |       |       |       |       |       |       |    64 |   181 ||   245
       Phase Shift       |       |       |       |       |       |       |    10 |    29 ||    39
       Force Lance       |       |       |       |       |       |       |       |     9 ||     9
Invok: Channel Energy    |       |       |    16 |   228 |   458 |   573 |   541 |   254 ||  2070
       Forget Spell      |       |       |       |       |       |       |     1 |       ||     1
 Abil: Evoke Flight      |       |       |       |       |       |    28 |    12 |       ||    40
Evoke: Lamp of fire      |       |       |       |       |     1 |     2 |     1 |       ||     4
       Wand              |       |       |       |       |       |    13 |       |     2 ||    15
       Fan of gales      |       |       |       |       |       |     2 |       |     1 ||     3
       Sack of spiders   |       |       |       |       |       |       |       |     1 ||     1
  Use: Scroll            |     4 |     7 |     8 |    20 |     7 |    22 |    21 |     4 ||    93
       Potion            |       |     2 |     7 |    10 |       |     7 |     6 |     3 ||    35
 Stab: Sleeping          |     3 |     1 |     3 |    11 |    18 |    11 |    20 |    13 ||    80
       Invisible         |       |       |       |     4 |    23 |    33 |    14 |     5 ||    79
       Distracted        |       |       |       |     1 |     2 |     4 |     4 |     3 ||    14
       Confused          |       |       |       |       |    33 |    16 |    62 |    42 ||   153
  Eat: Chunk             |     4 |     8 |    18 |    69 |   110 |   116 |   114 |    54 ||   493
       Beef jerky        |       |       |     1 |     2 |       |     1 |     1 |       ||     5
       Pizza             |       |       |       |     1 |       |       |       |       ||     1
       Bread ration      |       |       |       |       |     1 |       |     4 |     2 ||     7
       Fruit             |       |       |       |       |       |    13 |       |     3 ||    16
       Meat ration       |       |       |       |       |       |     1 |       |     2 ||     3
